 Dungeon Crawl Stone Soup version 0.24.1 (webtiles) character file.

Game seed: 11590292171323269263, levelgen mode: deterministic

1222 Amplified the Skirmisher (level 8, 0/63 HPs)
             Began as a Minotaur Earth Elementalist on Mar 28, 2020.
             Was a Believer of Hepliaklqana.
             Slain by Prince Ribbit (6 damage)
             ... on level 7 of the Dungeon.
             The game lasted 00:08:24 (5693 turns).

Amplified the Skirmisher (MiEE)                     Turns: 5693, Time: 00:08:24

Health: 0/63       AC:  4    Str: 15    XL:     8   Next: 23%
Magic:  9/9        EV: 14    Int: 14    God:    Hepliaklqana [**....]
Gold:   371        SH:  0    Dex: 11    Spells: 8/9 levels left

rFire    . . .     SeeInvis .   l - +1 hand axe
rCold    . . .     Gourm    .   (no shield)
rNeg     . . .     Faith    .   c - +0 robe
rPois    .         Spirit   .   (helmet restricted)
rElec    .         Reflect  .   (no cloak)
rCorr    .         Harm     .   (no gloves)
MR       .....                  (no boots)
Stlth    ++........             (no amulet)
HPRegen  0.20/turn              (no ring)
MPRegen  0.11/turn              (no ring)

@: lethally poisoned (0 -> -2)
A: retaliatory headbutt, reduced essence, horns 2, icy blue scales 1, clever 1
a: Recall Ancestor, Ancestor Identity, Renounce Religion


You were on level 7 of the Dungeon.
You worshipped Hepliaklqana.
Hepliaklqana was pleased with you.
You were not hungry.

You visited 1 branch of the dungeon, and saw 7 of its levels.

You collected 371 gold pieces.

Inventory:

Hand Weapons
 l - a +1 hand axe (weapon)
Missiles
 b - 215 stones (quivered)
 e - 45 sling bullets
Armour
 c - a +0 robe (worn)
Jewellery
 q - an uncursed ring of protection from fire {unknown}
Wands
 h - a wand of enslavement (4)
 j - a wand of clouds (1)
 s - a wand of scattershot (6)
Scrolls
 a - 2 scrolls of remove curse
 g - 3 scrolls of fog
 m - a scroll of identify
 p - a scroll of amnesia
Potions
 f - a potion of flight
 o - a potion of mutation
 r - a potion of resistance
Comestibles
 d - 12 rations
 n - 3 chunks of flesh


   Skills:
 * Level 6.2 Fighting
 * Level 5.9 Axes
 + Level 4.4 Armour
 + Level 4.8 Dodging
 - Level 1.5 Stealth
 - Level 1.3 Spellcasting
   Level 0.7 Transmutations
 - Level 2.4 Earth Magic
 + Level 3.0 Invocations


You had 8 spell levels left.
You knew the following spells:

 Your Spells              Type           Power        Failure   Level  Hunger
a - Sandblast             Erth           #.....       10%         1    ##.....

Your spell library contained the following spells:

 Spells                   Type           Power        Failure   Level  Hunger
 Passwall                 Tmut/Erth      #.......     21%         2    ###....
 Corona                   Hex            #......      26%         1    ##.....
 Magic Dart               Conj           #...         26%         1    ##.....
 Ensorcelled Hibernation  Hex/Ice        #.....       36%         2    ###....
 Searing Ray              Conj           #.....       36%         2    ###....
 Stone Arrow              Conj/Erth      #.....       43%         3    ####...
 Confuse                  Hex            #.......     58%         3    ####...
 Dazzling Spray           Conj/Hex       #.....       58%         3    ####...
 Tukima's Dance           Hex            #.......     58%         3    ####...
 Petrify                  Tmut/Erth      #.......     80%         4    #####..
 Force Lance              Conj/Tloc      #.......     94%         4    #####..
 Fulminant Prism          Conj/Hex       #.........   94%         4    #####..
 Iskenderun's Mystic Bla  Conj           #.......     94%         4    #####..
 Lee's Rapid Deconstruct  Erth           #.........   95%         5    ######.


Dungeon Overview and Level Annotations

Branches:
Dungeon (7/15)             Temple (0/1) D:6

Altars:
Cheibriados
Hepliaklqana
Kikubaaqudgha
Ru
Sif Muna
Trog
Uskayaw
Vehumet
Xom
Yredelemnul
Zin
The Shining One

Annotations:
D:3 2 transporters
D:5 3 runed translucent doors, Koleisus's ghost, amateur DsFi
D:7 Prince Ribbit


Innate Abilities, Weirdness & Mutations

You reflexively headbutt those who attack you in melee.
You have a pair of horns on your head.
Your life essence is reduced to manifest your ancestor. (-10% HP)
You are partially covered in icy blue scales. (AC +2)
Your mind is acute. (Int +2)


Message History

Prince Ribbit closely misses you.
You closely miss Prince Ribbit.
Prince Ribbit is heavily wounded.
You feel sick. Prince Ribbit hits you! Prince Ribbit barely misses you.
You feel less invigorated.
You feel less confused.
You feel sick. Prince Ribbit hits you!
You miss Prince Ribbit.
Prince Ribbit is heavily wounded.
Prince Ribbit hits you.
* * * LOW HITPOINT WARNING * * *
Prince Ribbit hits you!
* * * LOW HITPOINT WARNING * * *
Okay, then.
As you read the scroll labeled ITEECLISIT, it crumbles to dust.
You hear a loud clanging noise!
It was a scroll of noise.
You feel sick.
You hear a shout! x9; You hear a howl! x3
Prince Ribbit hits you.
You die...

..!## ....... .%
....##....... ..
..........!. .
..#........ #.
.......... #
#.#####..../§... #.
#...##...:).....
#[######...@..)).°...
#..........F..)).§...
#......<...###.......
#....................
#####.####.###.......
#........... .######
#.....####.####
#.....# ## #######


You could see Prince Ribbit.

Vanquished Creatures
  Sigmund (D:6)
  A sky beast (D:4)
  An ice beast (D:4)
  A phantom (D:5)
  An ogre (D:4)
  A gnoll sergeant (D:7)
  A howler monkey (D:4)
  Jessica (D:2)
  An iguana (D:5)
  2 worker ants
  8 gnolls
  5 adders
  A shadow imp (D:5)
  An adder skeleton (D:4)
  A worm (D:4)
  A dart slug (D:1)
  3 leopard geckos
  9 orcs
  A giant cockroach (D:2)
  6 goblins
  8 hobgoblins
  12 jackals
  2 quokkas
  A ball python (D:3)
  4 bats
  4 frilled lizards
  5 kobolds
  14 rats
97 creatures vanquished.

Vanquished Creatures (collateral kills)
  A sky beast (D:6)
  An ogre (D:6)
  A crimson imp (D:5)
  A jelly (D:6)
  An adder (D:6)
  A jackal (D:4)
6 creatures vanquished.

Vanquished Creatures (others)
  A worker ant (D:5)
  A battlemage (D:7)
  3 ancestors
5 creatures vanquished.

Grand Total: 108 creatures vanquished

Notes
Turn   | Place    | Note
-------+----------+-------------------------------------------
     0 | D:1      | Amplified the Minotaur Earth Elementalist began the quest
                  | for the Orb.
     0 | D:1      | Reached XP level 1. HP: 14/14 MP: 1/1
   310 | D:1      | Reached skill level 1 in Fighting
   310 | D:1      | Reached skill level 1 in Armour
   310 | D:1      | Reached XP level 2. HP: 23/23 MP: 0/3
   907 | D:2      | Found a snail-covered altar of Cheibriados.
  1066 | D:2      | Noticed Jessica
  1074 | D:2      | Killed Jessica
  1074 | D:2      | Reached skill level 2 in Fighting
  1074 | D:2      | Reached skill level 1 in Axes
  1074 | D:2      | Reached XP level 3. HP: 29/29 MP: 4/4
  1121 | D:2      | Gained mutation: Your mind is acute. (Int +2) [potion of
                  | mutation]
  1121 | D:2      | Gained mutation: You are partially covered in icy blue
                  | scales. (AC +2) [potion of mutation]
  1438 | D:3      | Found a transporter.
  1476 | D:3      | Reached XP level 4. HP: 37/37 MP: 5/5
  1512 | D:3      | Found a hazy altar of Hepliaklqana.
  1633 | D:3      | Became a worshipper of Hepliaklqana the Forgotten
  1651 | D:3      | Found a transporter.
  2148 | D:4      | Found a hide-covered altar of Uskayaw.
  2213 | D:4      | Reached skill level 3 in Fighting
  2226 | D:4      | Reached XP level 5. HP: 31/40 MP: 6/6
  2317 | D:4      | Noticed a sky beast
  2347 | D:4      | Noticed an ogre
  2355 | D:5      | Entered Level 5 of the Dungeon
  2366 | D:5      | Noticed an ice beast
  2411 | D:4      | Killed an ice beast
  2411 | D:4      | Reached skill level 1 in Invocations
  2642 | D:5      | Reached XP level 6. HP: 4/46 MP: 7/7
  3171 | D:5      | Reached * piety under Hepliaklqana
  3254 | D:5      | Found a runed translucent gate.
  3254 | D:5      | Found a runed translucent gate.
  3258 | D:5      | Reached skill level 4 in Fighting
  3278 | D:5      | Noticed an ice beast
  3346 | D:5      | Found a shimmering altar of Xom.
  3355 | D:5      | Found a glowing golden altar of the Shining One.
  3497 | D:5      | Noticed Koleisus's ghost (amateur DsFi)
  3498 | D:5      | Noticed an ice beast
  3517 | D:5      | Found a runed translucent gate.
  3605 | D:5      | Found a sacrificial altar of Ru.
  3782 | D:4      | Reached XP level 7. HP: 24/54 MP: 8/8
  4142 | D:4      | Reached skill level 5 in Fighting
  4440 | D:4      | Noticed a moth of wrath
  4443 | D:4      | Found a bloodstained altar of Trog.
  4749 | D:4      | Found a radiant altar of Vehumet.
  4751 | D:4      | Identified Vehumet's Reference Book on Arcane Weapons
  4994 | D:4      | Found an ancient bone altar of Kikubaaqudgha.
  4998 | D:4      | Found a shimmering blue altar of Sif Muna.
  5162 | D:6      | Found a staircase to the Ecumenical Temple.
  5177 | D:6      | Reached ** piety under Hepliaklqana
  5182 | D:6      | Remembered your ancestor Tenoch as a battlemage
  5194 | D:6      | Noticed Sigmund
  5204 | D:6      | Killed Sigmund
  5204 | D:6      | Reached skill level 5 in Axes
  5271 | D:6      | Reached XP level 8. HP: 31/63 MP: 9/9
  5302 | D:6      | Found a glowing silver altar of Zin.
  5473 | D:6      | Found a basalt altar of Yredelemnul.
  5601 | D:6      | Reached skill level 6 in Fighting
  5672 | D:7      | Noticed Prince Ribbit
  5693 | D:7      | Slain by Prince Ribbit

Levels and vault maps discovered:
D:1:      saegor_arrival_simple_c, layout_basic, kennysheep_minor_cross,
          minmay_hexomino_u4
D:2:      layout_rooms, lemuel_doored_altar, first_ration, minmay_fountain_box,
          uniq_jessica
D:3:      gammafunk_steamed_eel, layout_basic, lemuel_round_altar,
          supply_closet_lemuel, guppyfry_early_orc_mine
D:4:      layout_cave_pools, grunt_temple_overflow_magic_moments, tgw_trog,
          eat_drink_and_be_merry_uskayaw, dk_vineyard_1
D:5:      layout_loops_cross, kennysheep_mini, minitemple, gammafunk_ghost_icy,
          hangedman_decor_peaks_small, minmay_parallelograms
D:6:      layout_loops_ring, marbit_many_paths, nicolae_overflow_crystal_walls,
          minmay_temple_entry_mini_moons, uniq_sigmund
D:7:      layout_rooms, uniq_prince_ribbit1, uniq_harold, uniq_duvessa

Skill      XL: |  1  2  3  4  5  6  7  8 |
---------------+-------------------------+-----
Fighting       | 1 2 3 4 5 6 |  6.2
Armour         | 1 2 3 4 |  4.4
Axes           | 1 2 3 4 5 |  5.9
Dodging        | 3 4 |  4.8
Invocations    | 1 2 3 |  3.0
Stealth        | |  1.5
Spellcasting   | |  1.3
Transmutations | |  0.7
Earth Magic    | |  2.4

Action                   |  1- 3 |  4- 6 |  7- 9 || total
-------------------------+-------+-------+-------++-------
Melee: Unarmed           |    53 |       |       ||    53
       Headbutt          |    13 |    19 |    16 ||    48
       Hand axe          |    30 |   113 |    88 ||   231
 Cast: Sandblast         |     9 |       |       ||     9
Invok: Recall Ancestor   |       |       |     1 ||     1
       Ancestor Life: Ba |       |       |     1 ||     1
Evoke: Wand              |       |    10 |     3 ||    13
  Use: Scroll            |     4 |     3 |     4 ||    11
       Potion            |     4 |     5 |     1 ||    10
 Stab: Sleeping          |     4 |     2 |     1 ||     7
       Paralysed         |       |    10 |       ||    10
       Confused          |       |       |     1 ||     1
  Eat: Chunk             |     2 |     4 |     6 ||    12
       Ration            |       |     1 |     1 ||     2
Armor: Robe              |    20 |    29 |    15 ||    64
Dodge: Dodged            |    63 |    82 |    67 ||   212
